 Dungeon Crawl Stone Soup version 0.24-a0-736-g4e6fe308c7 (webtiles) character file.

Game seed: 15840738558463705418, levelgen mode: deterministic

130995 Froggeryz the Shatterer (level 16, -7/151 HPs)
             Began as a Minotaur Gladiator on Oct 2, 2019.
             Was the Champion of Okawaru.
             Mangled by a stone giant (30 damage)
             ... on level 15 of the Dungeon.
             The game lasted 01:12:24 (28773 turns).

Froggeryz the Shatterer (Minotaur Gladiator)       Turns: 28773, Time: 01:12:24

Health: -7/151     AC: 28    Str: 23    XL:     16   Next: 54%
Magic:  18/18      EV: 12    Int:  5    God:    Okawaru [******]
Gold:   2822       SH:  0    Dex: 15    Spells: 15/15 levels left

rFire    + . .     SeeInvis +   X - +2 great mace "Worm's Wrath" {flame, rC+}
rCold    + . .     Gourm    .   (shield currently unavailable)
rNeg     + . .     Faith    .   H - +3 plate armour {MR+}
rPois    +         Spirit   .   c - +0 hat
rElec    .         Reflect  .   o - +1 cloak
rCorr    .         Harm     .   N - +0 pair of gloves
MR       ++...                  U - +2 pair of boots {Fly}
Stlth    ..........             J - amulet of regeneration
HPRegen  0.75/turn              D - ring of positive energy
MPRegen  0.16/turn              x - ring "Ryfa" {rF+ SInv}

@: flying
A: retaliatory headbutt, horns 2, yellow scales 1, low mp 1, poison resistance
a: Heroism, Finesse, Renounce Religion, Stop Flying


You were on level 15 of the Dungeon.
You worshipped Okawaru.
Okawaru was exalted by your worship.
You were hungry.

You visited 5 branches of the dungeon, and saw 25 of its levels.
You also visited: Ossuary and Ice Cave.

You collected 3228 gold pieces.
You spent 406 gold pieces at shops.

Inventory:

Hand Weapons
 u - the +4 dire flail of Grandeur {crush, Int+4}
   (Okawaru gifted it to you on level 14 of the Dungeon)

   It inflicts extra damage upon your enemies.
   It affects your intelligence (+4).
 V - the +7 mace of Variability {chain chaos}
   (You found it in an ice cave)

   Each time it hits an enemy it has a different, random effect.
 W - the cursed +1 spear of the Other Side {pain, rElec MR++ Str-2 Dex+4}
   (You found it on level 5 of the Lair of Beasts)

   In the hands of one skilled in necromantic magic, it inflicts extra damage on
   living creatures.
   It affects your strength (-2).
   It affects your dexterity (+4).
   It insulates you from electricity.
   It affects your resistance to hostile enchantments.
   It has a curse placed upon it.
 X - the +2 great mace "Worm's Wrath" (weapon) {flame, rC+}
   (Okawaru gifted it to you on level 5 of the Lair of Beasts)

   It has been specially enchanted to burn those struck by it, causing extra
   injury to most foes and up to half again as much damage against particularly
   susceptible opponents.
   It protects you from cold.
Missiles
 g - 16 curare-tipped darts
 m - 6 throwing nets (quivered)
 M - 4 silver javelins
Armour
 c - a +0 hat (worn)
 o - a +1 cloak (worn)
 q - a scarf of cloud immunity
 H - a +3 plate armour of magic resistance (worn)
 N - a +0 pair of gloves (worn)
 U - a +2 pair of boots of flying (worn)
Jewellery
 x - the ring "Ryfa" (right hand) {rF+ SInv}
   (You bought it in a shop on level 2 of the Orcish Mines)

   [ring of see invisible]

   It protects you from fire.
   It lets you see invisible.
 y - an uncursed ring of resist corrosion
 D - a ring of positive energy (left hand)
 J - an amulet of regeneration (around neck)
Wands
 d - a wand of flame (14)
 j - a wand of iceblast (5)
 t - a wand of paralysis (9)
 G - a wand of acid (10)
 O - a wand of scattershot (1)
 Z - a wand of digging (9)
Scrolls
 a - 5 scrolls of magic mapping
 b - a scroll of identify
 i - 17 scrolls of remove curse
 k - a scroll of amnesia
 r - 3 scrolls of blinking
 z - 2 scrolls of fog
 A - 6 scrolls of teleportation
 F - 6 scrolls of enchant weapon
 L - a scroll of enchant armour
Potions
 e - 4 potions of curing
 h - a potion of magic
 n - 2 potions of might
 p - 4 potions of invisibility
 s - 5 potions of ambrosia
 C - 7 potions of brilliance
 E - 3 potions of flight
 K - a potion of haste
 Q - a potion of resistance
 Y - a potion of agility
Comestibles
 f - 44 rations


   Skills:
 - Level 16.1 Fighting
 * Level 23.7 Maces & Flails
 - Level 2.0 Throwing
 + Level 13.2 Armour
 - Level 8.0 Dodging
 - Level 8.0 Invocations


You had 15 spell levels left.
You didn't know any spells.
Your spell library contained the following spells:

 Spells                   Type           Power        Failure   Level  Hunger
 Animate Skeleton         Necr           N/A          99%         1    ##.....
 Apportation              Tloc           #.....       99%         1    ##.....
 Beastly Appendage        Tmut           #.....       99%         1    ##.....
 Confusing Touch          Hex            #.....       99%         1    ##.....
 Corona                   Hex            #......      99%         1    ##.....
 Pain                     Necr           #...         99%         1    ##.....
 Summon Butterflies       Summ           #.......     99%         1    ##.....
 Summon Small Mammal      Summ           #...         99%         1    ##.....
 Ensorcelled Hibernation  Hex/Ice        #.....       100%        2    ###....
 Poisonous Vapours        Pois/Air       #.....       100%        2    ###....
 Sticks to Snakes         Tmut           #.......     100%        2    ###....
 Confuse                  Hex            #.......     100%        3    ####...
 Conjure Flame            Conj/Fire      #.......     100%        3    ####...
 Dazzling Spray           Conj/Hex       #.....       100%        3    ####...
 Gell's Gravitas          Tloc           #.........   100%        3    ####...
 Lesser Beckoning         Tloc           #.........   100%        3    ####...
 Mephitic Cloud           Conj/Pois/Air  #.......     100%        3    ####...
 Recall                   Summ/Tloc      N/A          100%        3    ####...
 Regeneration             Chrm/Necr      #.........   100%        3    ####...
 Spider Form              Tmut/Pois      #.........   100%        3    ####...
 Tukima's Dance           Hex            #.......     100%        3    ####...
 Vampiric Draining        Necr           #.........   100%        3    ####...
 Animate Dead             Necr           N/A          100%        4    #####..
 Ice Form                 Ice/Tmut       #.......     100%        4    #####..
 Petrify                  Tmut/Erth      #.......     100%        4    #####..
 Alistair's Intoxication  Tmut/Pois      #.......     100%        5    ######.
 Aura of Abjuration       Summ           #.........   100%        5    ######.
 Blade Hands              Tmut           #.........   100%        5    ######.
 Metabolic Englaciation   Hex/Ice        #.........   100%        5    ######.
 Summon Demon             Summ           #.........   100%        5    ######.
 Summon Forest            Summ/Tloc      #.........   100%        5    ######.
 Summon Mana Viper        Hex/Summ       #.......     100%        5    ######.
 Yara's Violent Unravell  Hex/Tmut       #.........   100%        5    ######.
 Freezing Cloud           Conj/Ice/Air   #.........   100%        6    #######
 Invisibility             Hex            #.......     100%        6    #######
 Shadow Creatures         Summ           N/A          100%        6    #######
 Ring of Flames           Chrm/Fire      #.........   100%        7    #######


Dungeon Overview and Level Annotations

Branches:
Dungeon (15/15)            Temple (1/1) D:4            Lair (6/6) D:8
 Shoals (0/4) Lair:3       Spider (0/4) Lair:4        Slime (0/5) Lair:6
    Orc (2/2) D:12            Elf (0/3) Orc:2        Vaults (0/5) D:14
 Depths (1/5) D:15        Ossuary (visited)           IceCv (visited)

Altars:
Ashenzari
Cheibriados
Dithmenos
Elyvilon
Fedhas
Gozag
Hepliaklqana
Kikubaaqudgha
Makhleb
Nemelex Xobeh
Okawaru
Qazlal
Ru
Sif Muna
Trog
Uskayaw
Vehumet
Wu Jian
Xom
Yredelemnul
Zin
The Shining One
Beogh
Jiyva

Shops:
D:6 (   Orc:2 (!=}*

Portals:
Hell: Lair:6
Abyss: Depths:1

Annotations:
D:3 3 runed translucent doors, Thufir's ghost, amateur MiFi
D:12 2 runed translucent doors


Innate Abilities, Weirdness & Mutations

You reflexively headbutt those who attack you in melee.
You have a pair of horns on your head.
You are partially covered in yellow scales. (AC +2)
Your magical capacity is low. (-10% MP)
Your system is resistant to poisons. (rPois)


Message History

Things that are here:
an uncursed amulet of the acrobat; an uncursed ring of wizardry a +2 chain mail of magic resistance Unknown command.
Unknown command.
Okay, then.
Unknown command.
You feel much better. The spark wasp barely misses you.
You furiously retaliate!
You headbutt the spark wasp. The spark wasp barely misses you.
You furiously retaliate!
You headbutt the spark wasp, but do no damage.
The stone giant hits you but does no damage.
Unknown command.
You feel much better. The spark wasp stings you!
* * * LOW HITPOINT WARNING * * *
The spark wasp shocks you!
* * * LOW HITPOINT WARNING * * *
The spark wasp stings you but does no damage.
The stone giant hits you!!
You die...

.......###........#........##...#
.......'.........................
.......###.................###...
.......# #.................###.##
.###...#########...............##
.#......########...####+##.#.....
.##..8.###.....####........#.#.##
..##...##......C###........#.#.##
#..##.....#####y@##..............
#...#####......y####.......#.#...
#.#.....##.....## #.......#.#...
#.#####..###########.......#.#...
...............................##
#.##....##...#..####.##.##.#.#.#
####....##...##........(##.#.#)##
........##..................))...
...........)..#..#......#..#)#.#.


You could see a stone giant and 2 spark wasps.

Vanquished Creatures
  Jorgrun (Orc:2)
  Kirke (D:14)
  A sphinx (D:15)
  A tengu reaver (D:15)
  A storm dragon (D:15)
  A frost giant (D:15)
  An orc warlord (D:12)
  3 very ugly things (D:15)
  A stone giant (Depths:1)
  2 entropy weavers (Lair:5)
  Azrael (D:15)
  A dire elephant (Lair:6)
  An ettin (Depths:1)
  Josephine (D:11)
  4 fire dragons
  A great orb of eyes (D:15)
  10 hydras
  A rakshasa (Depths:1)
  Harold (D:11)
  Erolcha (D:12)
  5 centaur warriors
  A death knight (D:15)
  A catoblepas (D:14)
  Erica (D:11)
  7 ogre magi
  2 orc high priests (Orc:1)
  A tengu warrior (D:15)
  26 two-headed ogres
  A queen ant (Lair:5)
  Urug (Lair:3)
  A deep troll shaman (D:15)
  Sonja (D:11)
  Nergalle (Orc:1)
  A sixfirhy (Lair:6)
  A skeletal warrior (D:15)
  An unseen horror (D:10)
  An orc knight (Orc:2)
  2 wizards
  A phantasmal warrior (D:15)
  A wolf spider zombie (D:14)
  Pikel (D:5)
  A necromancer (IceCv)
  2 oklob plants
  9 ugly things
  4 deep elf magi
  An orc sorcerer (D:12)
  4 manticores
  7 cyclopes
  4 ice statues (IceCv)
  6 elephants
  A black mamba (Lair:4)
  An eye of devastation (shapeshifter) (D:12)
  3 orange demons (Lair:6)
  13 spiny frogs
  6 centaur skeletons
  2 freezing wraiths (D:15)
  7 ice devils
  8 rime drakes
  2 kobold demonologists
  4 komodo dragons
  2 yaktaurs
  A hellwing (Lair:6)
  A queen bee (shapeshifter) (D:15)
  A jumping spider (Lair:4)
  A red devil (Lair:6)
  A polar bear (Lair:5)
  6 trolls
  A meliai (D:14)
  3 blink frogs (Lair:6)
  2 hornets
  6 slime creatures
  7 dream sheep
  8 hippogriffs
  A vampire (D:15)
  A tarantella (shapeshifter) (Depths:1)
  10 wyverns
  5 wraiths (D:11)
  4 fire elementals (D:15)
  20 yaks
  3 vampire mosquitoes
  3 basilisks
  A hog (shapeshifter) (D:14)
  A hungry ghost (D:13)
  Eustachio (D:5)
  3 hogs (D:14)
  A steam dragon (Lair:4)
  Menkaure (D:5)
  4 wargs
  Edmund (D:5)
  12 water moccasins
  6 hell hounds
  An acid dragon (D:14)
  26 soldier ants
  10 porcupines
  3 sky beasts
  27 orc warriors
  5 ice beasts
  4 slaves (D:5)
  A swamp drake (D:12)
  A necrophage (D:7)
  A black bear (D:8)
  An eye of draining (D:9)
  38 ogres
  A boggart (Depths:1)
  10 centaurs
  A phantom (D:9)
  5 wolves (Lair:5)
  6 big kobolds
  10 crocodiles
  15 bullfrogs
  A wyvern zombie (D:10)
  4 scorpions
  10 killer bees (D:8)
  15 wights
  A howler monkey (D:5)
  7 crimson imps
  A draconian simulacrum (IceCv)
  A lava snake (D:15)
  3 centaur zombies
  A bullfrog zombie (D:13)
  6 hounds
  2 quasits (D:9)
  A human zombie (Ossuary)
  15 orc priests
  Crazy Yiuf (D:2)
  3 jellies
  A gnoll shaman (D:6)
  2 iguanas (D:9)
  21 orc wizards
  26 worker ants
  3 troll simulacra (IceCv)
  A spriggan simulacrum (IceCv)
  2 big kobold zombies (Ossuary)
  2 centaur simulacra (IceCv)
  3 mummies
  A howler monkey zombie (D:6)
  3 worker ant zombies
  8 gnolls
  2 ogre simulacra (IceCv)
  5 adders
  A naga simulacrum (IceCv)
  5 shadow imps
  12 white imps (Lair:5)
  2 oozes
  An adder skeleton (D:4)
  5 adder zombies
  3 worms
  3 dart slugs
  5 leopard geckos
  91 orcs
  6 giant cockroaches
  7 goblins
  5 hobgoblins
  11 jackals
  13 kobolds
  7 quokkas
  10 bats
  9 frilled lizards
  2 goblin zombies (Ossuary)
  12 hobgoblin zombies
  A jackal skeleton (D:5)
  A jackal zombie (Ossuary)
  11 kobold zombies (Ossuary)
  4 orc zombies (Ossuary)
  8 rats
  2 rat zombies (Ossuary)
  7 fungi
  7 plants
865 creatures vanquished.

Vanquished Creatures (collateral kills)
  A crimson imp (D:8)
  A fungus (D:8)
2 creatures vanquished.

Vanquished Creatures (others)
  A vampire mage (Depths:1)
  2 slime creatures (D:12)
  An air elemental (D:12)
  2 water elementals
  An ogre (Orc:2)
  5 fungi
12 creatures vanquished.

Grand Total: 879 creatures vanquished

Notes
Turn   | Place    | Note
-------+----------+-------------------------------------------
     0 | D:1      | Froggeryz the Minotaur Gladiator began the quest for the
                  | Orb.
     0 | D:1      | Reached XP level 1. HP: 18/18 MP: 0/0
   132 | D:1      | Reached skill level 4 in Maces & Flails
   132 | D:1      | Reached XP level 2. HP: 20/25 MP: 1/1
   996 | D:2      | Found a hazy altar of Hepliaklqana.
  1005 | D:2      | Reached XP level 3. HP: 31/31 MP: 2/2
  1147 | D:2      | Reached skill level 5 in Maces & Flails
  1416 | D:2      | Reached XP level 4. HP: 13/38 MP: 3/3
  1655 | D:2      | Found a sacrificial altar of Ru.
  1698 | D:2      | Found a runed translucent door.
  1699 | D:2      | Noticed Crazy Yiuf
  2213 | D:2      | Killed Crazy Yiuf
  2670 | D:3      | Found a runed translucent gate.
  2670 | D:3      | Found a runed translucent gate.
  2670 | D:3      | Found a runed translucent gate.
  2670 | D:3      | Noticed Thufir's ghost (amateur MiFi)
  2703 | D:3      | Reached skill level 6 in Maces & Flails
  2729 | D:3      | Found a shadowy altar of Dithmenos.
  2732 | D:3      | Reached XP level 5. HP: 45/45 MP: 4/4
  2837 | D:4      | Found a sand-covered staircase.
  2888 | Ossuary  | Entered an ossuary
  3013 | Ossuary  | Reached skill level 1 in Armour
  3127 | Ossuary  | Reached skill level 7 in Maces & Flails
  3127 | Ossuary  | Reached XP level 6. HP: 17/51 MP: 5/5
  3585 | D:4      | Found a blossoming altar of Fedhas.
  3604 | D:4      | Got a brightly glowing falchion
  3605 | D:4      | Identified the +5 falchion "Qeydysa" {drain, rElec rN++
                  | Str-2 Int+4} (You found it on level 4 of the Dungeon)
  3719 | D:4      | Found a staircase to the Ecumenical Temple.
  3731 | Temple   | Entered the Ecumenical Temple
  3972 | D:4      | Found a transporter.
  3972 | D:4      | Noticed a hornet
  3980 | D:4      | Paralysed by a hornet for 1 turns
  3981 | D:4      | HP: 1/51 [hornet (4)]
  3981 | D:4      | Killed a hornet
  3981 | D:4      | Reached skill level 8 in Maces & Flails
  3981 | D:4      | Reached XP level 7. HP: 1/57 MP: 6/6
  4251 | D:4      | Found a transporter.
  4254 | D:4      | Noticed a four-headed hydra
  4621 | D:5      | Entered Level 5 of the Dungeon
  4627 | D:5      | Noticed Menkaure
  4633 | D:5      | Killed Menkaure
  4674 | D:5      | Noticed Eustachio
  4691 | D:5      | Killed Eustachio
  4691 | D:5      | Reached skill level 9 in Maces & Flails
  4777 | D:5      | Reached skill level 10 in Maces & Flails
  4777 | D:5      | Reached XP level 8. HP: 45/63 MP: 7/7
  5006 | D:5      | Found an iron altar of Okawaru.
  5006 | D:5      | Found a hide-covered altar of Uskayaw.
  5007 | D:5      | Found a basalt altar of Yredelemnul.
  5041 | D:5      | Became a worshipper of Warmaster Okawaru
  5075 | D:5      | Noticed Edmund
  5087 | D:5      | Killed Edmund
  5568 | D:5      | Noticed Pikel
  5579 | D:5      | Killed Pikel
  5579 | D:5      | Reached skill level 12 in Maces & Flails
  5620 | D:6      | You fall into a shaft and drop 2 floors!
  5636 | D:8      | Found a white marble altar of Elyvilon.
  5639 | D:8      | Got a warped whip
  5766 | D:8      | Noticed a four-headed hydra
  5777 | D:8      | Noticed a centaur warrior
  6142 | D:7      | Reached * piety under Okawaru
  6167 | D:7      | Reached XP level 9. HP: 56/69 MP: 8/8
  6176 | D:7      | Reached skill level 13 in Maces & Flails
  6387 | D:7      | Identified the cursed +0 whip "Jueduton" {elec, rF- Int+3
                  | Dex+4} (You found it on level 8 of the Dungeon)
  6728 | D:6      | Reached skill level 14 in Maces & Flails
  6855 | D:6      | Reached ** piety under Okawaru
  7077 | D:6      | Found Geul's Antique Weapon Shop.
  7380 | D:6      | Found a shimmering blue altar of Sif Muna.
  7405 | D:6      | Found a glowing golden altar of the Shining One.
  7405 | D:6      | Found a sparkling altar of Nemelex Xobeh.
  7675 | D:10     | Entered Level 10 of the Dungeon
  7951 | D:9      | Reached skill level 15 in Maces & Flails
  7966 | D:9      | Noticed a two-headed ogre
  7996 | D:9      | Killed a two-headed ogre
  7996 | D:9      | Reached XP level 10. HP: 16/77 MP: 3/9
  8541 | D:9      | Noticed a two-headed ogre
  8548 | D:9      | Killed a two-headed ogre
  8548 | D:9      | Reached skill level 16 in Maces & Flails
  8605 | D:9      | Reached *** piety under Okawaru
  8614 | D:9      | Gained mutation: You are partially covered in yellow
                  | scales. (AC +2) [potion of mutation]
  8614 | D:9      | Gained mutation: Your magical capacity is low. (-10% MP)
                  | [potion of mutation]
  8614 | D:9      | Gained mutation: Your system is resistant to poisons.
                  | (rPois) [potion of mutation]
  9319 | D:10     | Found a hazy altar of Hepliaklqana.
  9319 | D:10     | Noticed a deep elf mage
  9322 | D:10     | Noticed a deep elf mage
  9330 | D:10     | Killed a deep elf mage
  9330 | D:10     | Reached skill level 5 in Fighting
  9545 | D:10     | Noticed a sixfirhy
  9545 | D:10     | Killed a deep elf mage
  9545 | D:10     | Reached skill level 17 in Maces & Flails
  9629 | D:10     | Killed an unseen horror
  9629 | D:10     | Reached **** piety under Okawaru
 10051 | D:11     | Noticed a manticore
 10071 | D:11     | Killed a manticore
 10071 | D:11     | Reached XP level 11. HP: 35/94 MP: 8/8
 10317 | D:11     | Paralysed by a hornet for 3 turns
 10429 | D:11     | Noticed Josephine
 10436 | D:11     | Killed Josephine
 10436 | D:11     | Noticed a two-headed ogre
 10461 | D:11     | Killed a two-headed ogre
 10461 | D:11     | Reached ***** piety under Okawaru
 10634 | D:11     | Noticed Erica
 10651 | D:11     | Reached skill level 10 in Fighting
 10674 | D:11     | Killed Erica
 10755 | D:11     | HP: 3/101 [cyclops (29)]
 10930 | D:11     | Noticed a four-headed hydra
 10940 | D:11     | Killed a two-headed hydra
 10940 | D:11     | Received a gift from Okawaru
 11253 | D:11     | Noticed Harold
 11266 | D:11     | Killed Harold
 11266 | D:11     | Reached skill level 18 in Maces & Flails
 11279 | D:11     | Noticed Sonja
 11295 | D:11     | Killed Sonja
 11894 | D:12     | Reached XP level 12. HP: 104/112 MP: 9/9
 12288 | D:12     | Found a staircase to the Orcish Mines.
 12774 | D:12     | Found a large runed translucent door.
 12776 | D:12     | Found a large runed translucent door.
 13031 | D:13     | Noticed a six-headed hydra
 13040 | D:13     | Noticed a centaur warrior
 13041 | D:13     | Killed a two-headed hydra
 13472 | D:13     | Killed a centaur warrior
 14183 | D:13     | Got an ancient steel amulet
 14192 | D:13     | Identified the amulet of Volead {Acrobat +Inv} (You found
                  | it on level 13 of the Dungeon)
 14733 | D:14     | Identified a scroll of acquirement
 14856 | D:14     | Received a gift from Okawaru
 14872 | D:14     | Noticed a fire dragon
 14880 | D:14     | Killed a fire dragon
 15017 | D:14     | Found a gate to the Vaults.
 15075 | D:14     | Noticed Kirke
 15107 | D:14     | Killed Kirke
 15107 | D:14     | Received a gift from Okawaru
 15111 | D:14     | Reached ****** piety under Okawaru
 15115 | D:14     | Got a shimmering dire flail {god gift}
 15116 | D:14     | Identified the +4 dire flail of Grandeur {crush, Int+4}
                  | (Okawaru gifted it to you on level 14 of the Dungeon)
 15326 | D:14     | Noticed an eight-headed hydra
 15337 | D:14     | Killed an eight-headed hydra
 15337 | D:14     | Reached skill level 19 in Maces & Flails
 15339 | D:14     | Reached skill level 15 in Fighting
 15349 | D:14     | HP: 1/119 [acid (10)]
 15775 | D:14     | Noticed a catoblepas
 15791 | D:14     | Killed a catoblepas
 15791 | D:14     | Reached XP level 13. HP: 127/127 MP: 10/10
 15859 | D:14     | Received a gift from Okawaru
 16646 | D:8      | Found a staircase to the Lair.
 16747 | Lair:1   | Entered Level 1 of the Lair of Beasts
 17543 | Lair:2   | Received a gift from Okawaru
 17543 | Lair:2   | Reached skill level 1 in Invocations
 18263 | Lair:3   | Reached skill level 5 in Armour
 18277 | Lair:3   | Received a gift from Okawaru
 18674 | Lair:3   | Found a staircase to the Shoals.
 18856 | Lair:3   | Noticed Urug
 18867 | Lair:3   | Killed Urug
 18903 | Lair:3   | Got a polished long sword
 18904 | Lair:3   | Identified the +3 long sword of the Sage {venom, MP+9
                  | Str+3} (You found it on level 3 of the Lair of Beasts)
 19246 | Lair:4   | Found a hole to the Spider Nest.
 19471 | Lair:4   | Received a gift from Okawaru
 19671 | Lair:4   | Reached skill level 20 in Maces & Flails
 20247 | Lair:5   | Reached XP level 14. HP: 65/137 MP: 14/14
 20283 | Lair:5   | Noticed an entropy weaver
 20389 | Lair:5   | Reached skill level 5 in Invocations
 20438 | Lair:5   | Found a frozen archway.
 20463 | IceCv    | Entered an ice cave
 20903 | IceCv    | Found the +7 mace of Variability {chain chaos}
 21097 | Lair:5   | Got a crystal spear
 21101 | Lair:5   | Identified the cursed +1 spear of the Other Side {pain,
                  | rElec MR++ Str-2 Dex+4} (You found it on level 5 of the
                  | Lair of Beasts)
 21136 | Lair:5   | Killed an entropy weaver
 21300 | Lair:5   | Received a gift from Okawaru
 21301 | Lair:5   | Got a polished great mace {god gift}
 21302 | Lair:5   | Identified the +2 great mace "Worm's Wrath" {flame, rC+}
                  | (Okawaru gifted it to you on level 5 of the Lair of Beasts)
 21643 | Lair:5   | Noticed an entropy weaver
 21650 | Lair:5   | Killed an entropy weaver
 21732 | Lair:6   | Entered Level 6 of the Lair of Beasts
 21992 | Lair:6   | Found a viscous altar of Jiyva.
 21992 | Lair:6   | Found a staircase to the Slime Pits.
 22390 | Lair:6   | Received a gift from Okawaru
 22390 | Lair:6   | Reached skill level 10 in Armour
 22690 | Lair:6   | Found a burning altar of Makhleb.
 23015 | Lair:6   | Found a gateway to Hell.
 24009 | Orc:1    | Entered Level 1 of the Orcish Mines
 24009 | Orc:1    | Noticed Nergalle
 24011 | Orc:1    | Reached skill level 21 in Maces & Flails
 24011 | Orc:1    | Noticed Erolcha
 24196 | D:12     | Received a gift from Okawaru
 24340 | D:12     | Killed Erolcha
 24359 | D:12     | Received a gift from Okawaru
 24359 | D:12     | Reached skill level 5 in Dodging
 24359 | D:12     | Reached XP level 15. HP: 135/144 MP: 17/17
 24491 | Orc:1    | Killed Nergalle
 24862 | Orc:1    | Found a roughly hewn altar of Beogh.
 24984 | Orc:1    | Noticed an orc warlord
 25033 | D:12     | Killed an orc warlord
 25246 | Orc:2    | Entered Level 2 of the Orcish Mines
 25246 | Orc:2    | Found Xomab's Weapon Boutique.
 25261 | Orc:2    | Noticed Jorgrun
 25381 | Orc:2    | Killed Jorgrun
 25548 | Orc:2    | Found a staircase to the Elven Halls.
 25659 | Orc:2    | Found Gunto's Assorted Antiques.
 25659 | Orc:2    | Found Ciunopui's Jewellery Boutique.
 25661 | Orc:2    | Found Dyolas's Gadget Boutique.
 25661 | Orc:2    | Found Caxe's Distillery.
 25893 | Orc:2    | Received a gift from Okawaru
 25934 | Orc:2    | Reached skill level 22 in Maces & Flails
 26006 | Orc:2    | Bought the ring "Ryfa" {rF+ SInv} for 406 gold pieces
 26443 | D:15     | Entered Level 15 of the Dungeon
 26891 | D:15     | Noticed a sphinx
 26894 | D:15     | Noticed a storm dragon
 26896 | D:15     | Killed a sphinx
 26904 | D:15     | Killed a storm dragon
 26984 | D:15     | Got a smoking marble ring
 26987 | D:15     | Identified the ring "Xoicee" {+Fly Int+6} (You found it on
                  | level 15 of the Dungeon)
 27009 | D:15     | Received a gift from Okawaru
 27015 | D:15     | Noticed a frost giant
 27026 | D:15     | Killed a frost giant
 27026 | D:15     | Reached XP level 16. HP: 75/151 MP: 18/18
 27143 | D:15     | Noticed Azrael
 27153 | D:15     | Killed Azrael
 27472 | D:15     | Reached skill level 23 in Maces & Flails
 27538 | D:15     | Received a gift from Okawaru
 27707 | D:15     | Found a staircase to the Depths.
 28170 | Depths:1 | Entered Level 1 of the Depths
 28216 | Depths:1 | Found a one-way gate to the infinite horrors of the Abyss.
 28252 | Depths:1 | Noticed a tengu reaver
 28373 | D:15     | Killed a tengu reaver
 28770 | Depths:1 | HP: 1/151 [spark wasp (12)]
 28773 | D:15     | Mangled by a stone giant

Levels and vault maps discovered:
D:1:      lightli_arrival_windingriver, layout_basic
D:2:      layout_loops_ring, lemuel_doored_altar, nicolae_ru_awakened_eye,
          uniq_crazy_yiuf_cottage
D:3:      layout_rooms, nicolae_dithmenos_through_a_glass_darkly,
          gammafunk_ghost_necromancy
D:4:      layout_loops_corners, gammafunk_temple_overflow_arena,
          minmay_temple_entry_trees, nicolae_ossuary_entry_giza
D:5:      layout_basic, gammafunk_temple_overflow_claw, first_ration,
          eino_small_chamber_without_monster, uniq_pikel, uniq_menkaure,
          uniq_eustachio, uniq_edmund
D:6:      layout_loops_ring, led_sif_pool, gammafunk_temple_overflow_elements,
          serial_shops, shop, supply_closet_lemuel, kennysheep_generic_room_15
D:7:      layout_loops_ring, minivault_1
D:8:      layout_gridville, kennysheep_mini, grunt_lair_entry_orc_guard_hut,
          hangedman_ranch [blue_anna_fruit_fields], minmay_radiant
D:9:      layout_rooms
D:10:     layout_long_grid, kennysheep_cluttered_room, david_defended_altar_elf
D:11:     minmay_goldmine, layout_basic, uniq_sonja, uniq_josephine,
          uniq_harold, uniq_erica
D:12:     layout_loops_ring, erik_orc_1, lightli_elemental_guards
D:13:     layout_long_grid, serial_rivers, chequers_serial_rivers_room_b,
          chequers_serial_rivers_micro_e, chequers_serial_rivers_micro_c,
          chequers_serial_rivers_small_b, chequers_serial_rivers_micro_a,
          minmay_misc_feat_rows
D:14:     layout_roguey, david_vaults_4, minivault_23, minmay_pinched_square,
          uniq_kirke
D:15:     grunt_enter_depths_hoard, layout_basic, nicolae_lava_and_water,
          minmay_diamond_spiral, uniq_azrael
Temple:   minmay_temple_curvy_loop
Lair:1:   layout_regular_city
Lair:2:   layout_small_grid
Lair:3:   dpeg_oklob_shooting_range, layout_regular_city,
          elwin_shoals_entry_rocks, st_stairs_7, lemuel_fruit_tree, uniq_urug
Lair:4:   layout_misc_corridors, spider_nest_entry_a, beast_lair_carwin_10,
          grunt_megastairs_4
Lair:5:   layout_regular_city, portal_ice_cave_entry_imps, zaba_anthell
Lair:6:   evil_forest, layout_long_grid, slime_altar_1, serial_forest,
          infiniplex_forest_straight_3, infiniplex_forest_diagonal,
          infiniplex_forest_join, infiniplex_forest_lined_corner,
          infiniplex_forest_straight_2, minmay_lair_drake_nest
Orc:1:    layout_caves, bh_open_orc_temple, uniq_erolcha, uniq_nergalle
Orc:2:    st_orc_ogre_mass, layout_diamond_mine, serial_shops,
          nicolae_shop_competitors_out_of_business, uniq_jorgrun
Depths:1: layout_cave_pools, abyss_entry, chequers_serial_rivers_large_a,
          hell_entry, eino_small_chamber_without_monster, drop_trap,
          dk_noncrumbling_3, minmay_the_grid_square_5x5_3x3_mashed
          [minmay_the_grid_square_5x5_half_checkered,
          minmay_the_grid_square_5x5_dogpile, minmay_the_grid_square_5x5_plus,
          minmay_the_grid_square_5x5_inner_z,
          minmay_the_grid_square_5x5_megaprize_open,
          minmay_the_grid_square_5x5_fancy_junction,
          minmay_the_grid_square_5x5_checkered_sparse,
          minmay_the_grid_square_5x5_shrine2,
          minmay_the_grid_square_5x5_intrusive_squares], uniq_mara

Skill      XL: |  1  2  3  4  5  6  7  8  9 10 11 12 13 14 15 16 |
---------------+-------------------------------------------------+-----
Maces & Flails | 4 5 6 7 8 10 12 15 17 18 19 20 21 22 23 | 23.7
Fighting       | 3 7 12 15 16 | 16.1
Dodging        | 4 5 8 |  8.0
Armour         | 2 3 4 7 10 12 13 | 13.2
Invocations    | 4 8 |  8.0
Throwing       | |  2.0

Action                   |  1- 3 |  4- 6 |  7- 9 | 10-12 | 13-15 | 16-18 || total
-------------------------+-------+-------+-------+-------+-------+-------++-------
Melee: Flail             |    60 |   183 |   116 |       |       |       ||   359
       Headbutt          |    10 |    36 |    61 |   112 |   272 |    68 ||   559
       Falchion          |       |    10 |     3 |       |       |       ||    13
       Morningstar       |       |       |   184 |   462 |       |       ||   646
       Scimitar          |       |       |       |    11 |       |       ||    11
       Dire flail        |       |       |       |    14 |   400 |       ||   414
       Unarmed           |       |       |       |    10 |       |       ||    10
       Great mace        |       |       |       |       |   772 |   210 ||   982
Throw: Throwing net      |       |       |    10 |     4 |       |       ||    14
Evoke: Wand              |       |       |     4 |    40 |     4 |       ||    48
  Use: Potion            |       |     7 |     4 |     7 |     4 |     2 ||    24
       Scroll            |       |       |    10 |    19 |    20 |     2 ||    51
 Stab: Held in net/web   |       |       |     4 |     3 |     1 |       ||     8
       Confused          |       |       |       |     8 |     1 |       ||     9
       Paralysed         |       |       |       |       |     4 |       ||     4
       Petrified         |       |       |       |       |     1 |       ||     1
       Distracted        |       |       |       |       |       |     1 ||     1
  Eat: Chunk             |     1 |     7 |     8 |    16 |    34 |     5 ||    71
       Ration            |       |       |     2 |     2 |     1 |       ||     5
Armor: Leather armour    |     9 |       |       |       |       |       ||     9
       Scale mail        |    21 |    63 |    78 |   171 |   160 |       ||   493
       Skin              |       |    11 |       |    17 |       |       ||    28
       Chain mail        |       |       |       |       |   463 |    48 ||   511
       Plate armour      |       |       |       |       |       |    74 ||    74
Dodge: Dodged            |    38 |    99 |   127 |   216 |   605 |   115 ||  1200
       Rpst.: Falchion   |       |     3 |     3 |       |       |       ||     6
       Scimitar          |       |       |       |     1 |       |       ||     1

Table legend:
 A = Non-vault XP
 B = Vault XP
 C = Vault XP percentage of total XP
 D = Non-vault monster count
 E = Vault monster count
 F = Vault count percentage of total count
                 A         B        C        D         E       F
            +---------+---------+-------+---------+---------+-------
      Total |   91759 |   95377 |  51.0 |     530 |     320 |  37.6
            +---------+---------+-------+---------+---------+-------
        D:1 |      38 |       0 |   0.0 |      18 |       0 |   0.0
        D:2 |      83 |      42 |  33.6 |      26 |       1 |   3.7
        D:3 |      35 |       0 |   0.0 |      14 |       0 |   0.0
        D:4 |     354 |      20 |   5.3 |      13 |       3 |  18.8
        D:5 |     349 |    1106 |  76.0 |       8 |       4 |  33.3
        D:6 |     791 |       2 |   0.3 |      29 |       1 |   3.3
        D:7 |    1056 |       0 |   0.0 |      29 |       0 |   0.0
        D:8 |    2023 |    4671 |  69.8 |      28 |      15 |  34.9
        D:9 |    2941 |       0 |   0.0 |      29 |       0 |   0.0
       D:10 |    1750 |    1097 |  38.5 |      25 |       2 |   7.4
       D:11 |    6413 |    5078 |  44.2 |      30 |      20 |  40.0
       D:12 |    7210 |    1530 |  17.5 |      37 |      18 |  32.7
       D:13 |    3350 |       0 |   0.0 |      14 |       0 |   0.0
       D:14 |    3283 |   11823 |  78.3 |       9 |      23 |  71.9
       D:15 |   31609 |   14506 |  31.5 |      68 |      15 |  18.1
     Lair:1 |    2116 |       0 |   0.0 |      10 |       0 |   0.0
     Lair:2 |    1126 |       0 |   0.0 |       4 |       0 |   0.0
     Lair:3 |    3296 |    1595 |  32.6 |      10 |       3 |  23.1
     Lair:4 |    5391 |    3130 |  36.7 |      24 |      12 |  33.3
     Lair:5 |    5323 |    8283 |  60.9 |      21 |      60 |  74.1
     Lair:6 |    4537 |    9249 |  67.1 |      17 |      28 |  62.2
      Orc:1 |    3008 |    1774 |  37.1 |      29 |       5 |  14.7
      Orc:2 |    2507 |   20272 |  89.0 |      33 |      41 |  55.4
   Depths:1 |    3170 |    6246 |  66.3 |       5 |       9 |  64.3
    Ossuary |       0 |     224 | 100.0 |       0 |      39 | 100.0
      IceCv |       0 |    4729 | 100.0 |       0 |      21 | 100.0
            +---------+---------+-------+---------+---------+-------
